 Dungeon Crawl Stone Soup version 0.26-a0-284-g73c0fb6 (webtiles) character file.

Game seed: 9038583711600274502

144918 Firecrotchwizard the Warrior (level 16, -6/159 HPs)
             Began as a Centaur Gladiator on July 13, 2020.
             Was the Champion of Okawaru.
             Mangled by an alligator (30 damage)
             ... called by a spriggan druid
             ... on level 4 of the Swamp.
             The game lasted 01:01:00 (30654 turns).

Firecrotchwizard the Warrior (Centaur Gladiator)   Turns: 30654, Time: 01:01:00

Health: -6/159     AC: 33    Str: 41    XL:     16   Next: 86%
Magic:  20/22      EV: 11    Int:  4    God:    Okawaru [******]
Gold:   3182       SH:  5    Dex: 22    Spells: 15/15 levels left

rFire    . . .     SeeInvis +   Y - +6 bardiche (vorpal)
rCold    + . .     Faith    .   (shield currently unavailable)
rNeg     + + .     Spirit   .   N - +5 chain mail of Okawaru's Regard {rC+ rN+ Int-3 Dex+9}
rPois    +         Reflect  +   c - +2 helmet
rElec    .         Harm     .   t - +0 cloak of the Prince of Darkness {rPois Regen+ Str+7}
rCorr    .                      O - +0 pair of gloves "Coevvyal" {Slay+2}
MR       +....                  P - +4 centaur barding {Fly}
Stlth    ..........             T - amulet "Pallaligg" {Reflect Str+6 SH+5}
HPRegen  0.76/turn              y - +6 ring of strength
MPRegen  0.18/turn              u - ring "Xonehof" {rN+ SInv}

@: heroism, flying, studying Ice Magic, very quick
A: large, hooves 3, deformed body, speed 2, tough skin 3
a: Heroism, Finesse, Renounce Religion, Stop Flying


You were on level 4 of the Swamp.
You worshipped Okawaru.
Okawaru was exalted by your worship.
You visited 4 branches of the dungeon, and saw 27 of its levels.
You visited the Abyss 1 time.
You also visited: Ossuary and Ice Cave.

You collected 4042 gold pieces.
You spent 860 gold pieces at shops.

Inventory:

Hand Weapons
 a - a +6 vorpal glaive
   (Okawaru gifted it to you on level 6 of the Lair of Beasts)
 b - a +1 trident of protection
   (You found it on level 4 of the Dungeon)
 p - a +1 longbow of flaming
   (Okawaru gifted it to you on level 4 of the Lair of Beasts)
 U - a +4 glaive of distortion {!w}
   (Okawaru gifted it to you on level 5 of the Lair of Beasts)
 Y - a +6 vorpal bardiche (weapon)
   (You found it on level 2 of the Swamp)
Missiles
 d - 3 throwing nets {=f, !d}
 w - 459 arrows
 V - 19 curare-tipped darts
Armour
 c - a +2 helmet (worn)
 t - the +0 cloak of the Prince of Darkness (worn) {rPois Regen+ Str+7}
   (You found it on level 4 of the Lair of Beasts)

   It affects your strength (+7).
   It protects you from poison.
   It increases your rate of regeneration.
 N - the +5 chain mail of Okawaru's Regard (worn) {rC+ rN+ Int-3 Dex+9}
   (You bought it in a shop on level 13 of the Dungeon)

   It affects your intelligence (-3).
   It affects your dexterity (+9).
   It protects you from cold.
   It protects you from negative energy.
 O - the +0 pair of gloves "Coevvyal" (worn) {Slay+2}
   (You found it on level 8 of the Dungeon)

   It affects your accuracy and damage with ranged weapons and melee attacks
   (+2).
 P - a +4 centaur barding of flying (worn)
   (Okawaru gifted it to you on level 9 of the Dungeon)
Jewellery
 l - an uncursed ring of poison resistance {rPois, !d}
   (You found it on level 2 of the Dungeon)
 s - an uncursed amulet of the acrobat
   (You found it on level 4 of the Dungeon)
 u - the ring "Xonehof" (right hand) {rN+ SInv}
   (You found it on level 4 of the Dungeon)

   [ring of positive energy]

   It protects you from negative energy.
   It lets you see invisible.
 x - an uncursed ring of resist corrosion
   (You found it on level 5 of the Dungeon)
 y - a +6 ring of strength (left hand)
   (You found it on level 5 of the Dungeon)
 B - an uncursed amulet of reflection
   (You found it on level 6 of the Dungeon)
 T - the amulet "Pallaligg" (around neck) {Reflect Str+6 SH+5}
   (You found it on level 1 of the Lair of Beasts)

   [amulet of reflection]

   It shields you and reflects attacks.
   It affects your strength (+6).
   It affects your SH (+5).
Wands
 C - a wand of polymorph (18)
   (You found it on level 6 of the Dungeon)
 F - a wand of acid (9)
   (You found it on level 7 of the Dungeon)
 Q - a wand of flame (50)
   (You found it in an ice cave)
 S - a wand of iceblast (6)
   (You found it on level 11 of the Dungeon)
 W - a wand of digging (12)
   (You found it on level 14 of the Dungeon)
 Z - a wand of clouds (9)
   (You found it on level 6 of the Lair of Beasts)
Scrolls
 e - 13 scrolls of teleportation
 g - 7 scrolls of blinking {!r}
 j - 11 scrolls of remove curse
 k - 7 scrolls of identify
 n - 3 scrolls of fog
 r - 4 scrolls of enchant armour
 v - 2 scrolls of silence
 I - 3 scrolls of magic mapping {!r}
 J - a scroll of holy word {!r}
 L - 5 scrolls of amnesia
Potions
 f - a potion of resistance
 h - 7 potions of brilliance
 i - 4 potions of lignification {!q}
 m - a potion of cancellation {unknown}
 o - 4 potions of stabbing
 q - 4 potions of ambrosia
 z - 5 potions of haste
 A - 4 potions of might
 D - a potion of magic
 E - 2 potions of mutation {!q}
 H - 9 potions of curing
 K - 8 potions of heal wounds
 M - 3 potions of invisibility
Books
 X - a manual of Ice Magic {!d}
   (You found it in an ice cave)
Miscellaneous
 G - a phial of floods
   (You found it on level 1 of the Swamp)
 R - 3 phantom mirrors


   Skills:
 + Level 18.6(23.6) Fighting
 + Level 17.8(22.8) Polearms
 - Level 2.1(7.1) Throwing
 + Level 7.7(12.7) Armour
 - Level 2.1(7.1) Dodging
 - Level 9.1 Invocations


You had 15 spell levels left.
You didn't know any spells.
Your spell library contained the following spells:

 Spells                   Type           Power        Failure   Level
 Animate Skeleton         Necr           #.....       82%         1
 Pain                     Necr           #...         82%         1
 Sting                    Tmut/Pois      #...         82%         1
 Summon Butterflies       Summ           #.......     82%         1
 Poisonous Vapours        Pois/Air       #.....       91%         2
 Sublimation of Blood     Necr           #.........   91%         2
 Call Canine Familiar     Summ           #.......     99%         3
 Confusing Touch          Hex            #.......     99%         3
 Gell's Gravitas          Tloc           #.........   99%         3
 Ignite Poison            Fire/Tmut/Pois #.......     99%         3
 Mephitic Cloud           Conj/Pois/Air  #.......     99%         3
 Recall                   Summ/Tloc      N/A          99%         3
 Summon Guardian Golem    Hex/Summ       #.......     99%         3
 Vampiric Draining        Necr           #.........   99%         3
 Airstrike                Air            #.........   100%        4
 Animate Dead             Necr           #.........   100%        4
 Olgreb's Toxic Radiance  Pois           #.......     100%        4
 Petrify                  Tmut/Erth      #.......     100%        4
 Summon Ice Beast         Ice/Summ       #.......     100%        4
 Agony                    Necr           #.......     100%        5
 Aura of Abjuration       Summ           #.........   100%        5
 Metabolic Englaciation   Hex/Ice        #.........   100%        5
 Silence                  Hex/Air        #.........   100%        5
 Summon Demon             Summ           #.........   100%        5
 Summon Forest            Summ/Tloc      #.........   100%        5
 Summon Mana Viper        Hex/Summ       #.......     100%        5
 Yara's Violent Unravell  Hex/Tmut       #.........   100%        5
 Shadow Creatures         Summ           N/A          100%        6
 Summon Hydra             Summ           #.........   100%        7
 Dragon's Call            Summ           #.........   100%        9
 Tornado                  Air            #.........   100%        9


Dungeon Overview and Level Annotations

Branches:
Dungeon (15/15)            Temple (0/1) D:7            Lair (6/6) D:11
  Swamp (4/4) Lair:3        Snake (0/4) Lair:4        Slime (0/5) Lair:6
    Orc (2/2) D:10            Elf (0/3) Orc:2        Vaults (0/5) D:14
Ossuary (visited)           IceCv (visited)
 Depths: D:15

Altars:
Dithmenos
Fedhas
Hepliaklqana
Nemelex Xobeh
Okawaru
Vehumet
Yredelemnul
Zin
Beogh

Shops:
D:6 !   D:8 (   D:10 ?   D:13 [   Orc:2 [!((}}:(:

Portals:
Trove: D:14 (give 4 potions of resistance)

Annotations:
D:3 2 transporters
Lair:2 1 runed translucent door
Lair:6 1 runed translucent door, Maimakterion's ghost, journeyman DsIE
Swamp:1 Frances


Innate Abilities, Weirdness & Mutations

You have hooves in place of feet.
Armour fits poorly on your strangely shaped body.
You cover ground very quickly.
You have extremely tough skin. (AC +3)


Message History

The swamp dragon seems to grow more fierce.
The alligator seems to grow more fierce. x2
The swamp worm seems to grow more fierce.
You kill the spriggan druid!
Okawaru accepts your kill.
The spriggan splashes around in the water.
The alligator closely misses you. x2
The hornet stings you but does no damage.
The alligator bites you. The alligator tail-slaps you.
The swamp dragon bites you! The swamp dragon barely misses you.
The swamp dragon tramples you but does no damage.
The alligator bites you but does no damage.
The alligator tail-slaps you.
You take 20 damage, and have 125/159 hp.
You slice the hornet!!
You kill the hornet!
Okawaru accepts your kill.
A swamp dragon comes into view.
The spriggan splashes around in the water.
The alligator closely misses you. You block the alligator's attack.
The alligator bites you but does no damage.
The alligator tail-slaps you but does no damage.
The swamp dragon bites you but does no damage.
The swamp dragon claws you but does no damage.
The swamp dragon tramples you.
You are shoved backwards!
The swamp dragon bites you! The swamp dragon claws you.
The swamp dragon tramples you but does no damage.
A swamp dragon comes into view.
You take 13 damage, and have 112/159 hp.
The swamp dragon roars deafeningly!
You slash the swamp dragon! You kick the swamp dragon!!
You hear a shout!
You hear a loud, deep croak!
The spriggan hits you with a +0 short sword.
The alligator bites you! The alligator tail-slaps you.
The alligator bites you!! The alligator tail-slaps you!
You block the swamp dragon's attack. The swamp dragon claws you.
The swamp dragon tramples you but does no damage.
The swamp dragon bites you but does no damage.
The swamp dragon claws you but does no damage.
The swamp dragon tramples you but does no damage.
The alligator bites you but does no damage.
The alligator tail-slaps you but does no damage.
The spriggan hits you with a +0 short sword.
You take 61 damage, and have 51/159 hp.
MASSIVE DAMAGE!!
You gain the combat prowess of a mighty hero.
The alligator bites you but does no damage.
The alligator tail-slaps you but does no damage.
The swamp dragon barely misses you. The swamp dragon misses you.
The swamp dragon tramples you.
You are shoved backwards!
The alligator bites you but does no damage.
The alligator tail-slaps you but does no damage.
The spriggan hits you but does no damage.
You take 1 damage, and have 50/159 hp.
You now have 20/22 mp.
You slash the swamp dragon! You kick the swamp dragon!
The swamp dragon bites you but does no damage.
The swamp dragon claws you!
* * * LOW HITPOINT WARNING * * *
The swamp dragon tramples you but does no damage.
The alligator barely misses you. The alligator tail-slaps you!
* * * LOW HITPOINT WARNING * * *
You take 23 damage, and have 27/159 hp.
You hit the swamp dragon but do no damage.
You kick the swamp dragon!
The spriggan hits you but does no damage.
The swamp dragon closely misses you. You block the swamp dragon's attack.
The swamp dragon completely misses you.
A six-headed hydra comes into view.
You block the alligator's attack.
The alligator tail-slaps you but does no damage.
The swamp dragon closely misses you. x2
The swamp dragon tramples you but does no damage.
The swamp dragon closely misses you. The swamp dragon claws you!
* * * LOW HITPOINT WARNING * * *
The swamp dragon tramples you but does no damage.
You take 8 damage, and have 19/159 hp.
You hit the swamp dragon.
You kill the swamp dragon!
Okawaru accepts your kill. The swamp dragon misses you.
The swamp dragon claws you but does no damage.
The swamp dragon misses you. The spriggan completely misses you.
The alligator misses you. The alligator closely misses you.
A spriggan druid comes into view. It is wielding a +0 quarterstaff.
The alligator bites you!
* * * LOW HITPOINT WARNING * * *
The alligator closely misses you. The swamp dragon closely misses you.
You block the swamp dragon's attack. x2
You take 17 damage, and have 2/159 hp.
You feel much better. The swamp dragon closely misses you.
The swamp dragon claws you but does no damage.
The swamp dragon tramples you but does no damage.
The swamp dragon barely misses you.
The swamp dragon claws you but does no damage.
The swamp dragon tramples you but does no damage.
The spriggan splashes around in the water.
The alligator bites you but does no damage.
The alligator tail-slaps you but does no damage.
The alligator bites you!!
You die...

♣♣♣≈♣♣ ♣♣..♣≈
♣.≈≈.. .♣♣♣≈.♣♣
♣≈≈≈≈♣♣≈≈♣[..≈♣
♣≈≈≈≈≈♣≈..≈≈≈.♣
♣♣..≈≈....≈≈≈≈..
♣♣♣♣§..D?.≈≈.≈≈≈≈≈≈
≈.≈.≈.D@Dw≈♣♣.≈≈≈≈≈
≈§≈.≈≈itt≈....≈≈≈≈≈
..≈.≈≈≈≈≈≈†<..≈≈≈≈≈
.≈≈.♣≈)≈≈≈.≈....≈≈≈
≈≈≈ ♣♣♣≈≈≈.≈≈≈≈.≈≈♣
.i ♣≈≈D≈≈≈≈≈≈≈≈≈ ♣
♣≈≈♣.≈....♣♣♣♣
♣.≈..≈≈≈≈≈..≈
♣≈...≈≈≈≈≈≈≈..


You could see 2 alligators, a six-headed hydra, 3 swamp dragons, a spriggan
druid, a swamp worm (strong) and a spriggan.

Vanquished Creatures
  Nikola (Swamp:2)
  Rupert (D:12)
  5 thorn hunters
  Donald (Orc:2)
  Louise (D:14)
  A starcursed mass (Abyss:3)
  Josephine (Orc:2)
  Erolcha (Orc:2)
  An ice dragon (D:14)
  14 hydras
  4 vault guards (D:14)
  A shambling mangrove (Swamp:2)
  2 ghost crabs
  3 catoblepae
  2 two-headed ogres
  2 centaur warriors
  7 alligators
  5 death yaks (Lair:5)
  6 orc high priests (Orc:2)
  Sonja (Orc:2)
  Urug (Orc:2)
  A wretched star (Abyss:3)
  5 spriggan druids
  9 swamp dragons
  2 large abominations (Abyss:3)
  2 unseen horrors
  Pikel (D:4)
  A lindwurm (Lair:5)
  2 oklob plants (Lair:4)
  4 orc knights
  5 ugly things
  An orc sorcerer (Orc:2)
  3 manticores
  A cyclops (D:12)
  A deep elf mage (D:13)
  2 wolf spiders
  A guardian serpent (Lair:6)
  3 ice statues (IceCv)
  11 elephants
  12 black mambas
  2 centaur skeletons (D:14)
  A gargoyle (D:12)
  24 cane toads
  A torpor snail (Lair:2)
  An efreet (D:14)
  4 rime drakes
  8 komodo dragons
  A kobold demonologist (D:14)
  3 meliai (Lair:5)
  7 tyrant leeches
  A hydra zombie (Abyss:3)
  A queen bee (Lair:5)
  A troll (Orc:2)
  16 slime creatures
  4 bog bodies
  17 hornets
  5 polar bears
  9 blink frogs
  11 dream sheep
  10 hippogriffs
  An air elemental (Abyss:3)
  10 spriggans
  6 wraiths
  2 shadows
  13 wyverns
  Sigmund (D:3)
  A ynoxinul (Abyss:3)
  A redback (Lair:6)
  Grum (D:9)
  2 basilisks (Lair:6)
  51 yaks
  A steam dragon (D:14)
  7 humans (D:14)
  6 vampire mosquitoes (Swamp:3)
  8 wargs
  Menkaure (D:7)
  5 nagas
  22 insubstantial wisps
  10 swamp worms
  12 porcupines
  20 water moccasins
  17 orc warriors
  7 swamp drakes
  4 sky beasts
  17 ogres
  10 ice beasts
  A black bear (D:7)
  3 phantoms
  17 wolves
  14 crocodiles
  10 centaurs
  5 big kobolds
  An elf zombie (Ossuary)
  17 bullfrogs
  A gnoll sergeant (D:10)
  6 scorpions
  42 killer bees
  16 wights
  A howler monkey (D:13)
  A bullfrog zombie (D:6)
  6 centaur zombies
  16 jellies
  2 quasits
  35 orc priests
  5 hounds
  25 orc wizards
  2 bullfrog skeletons
  Terence (D:3)
  5 iguanas
  15 worker ants
  A hound zombie (D:6)
  A hound skeleton (D:4)
  2 mummies (Ossuary)
  A howler monkey zombie (D:6)
  A worker ant zombie (D:10)
  Robin (D:3)
  12 gnolls
  14 adders
  2 shadow imps
  2 white imps
  4 ufetubi
  7 oozes
  An adder skeleton (D:7)
  4 worms
  A dart slug (D:1)
  2 leopard geckos
  91 orcs
  8 giant cockroaches
  13 goblins
  13 hobgoblins
  10 jackals
  12 kobolds
  4 quokkas
  2 bats (D:1)
  7 frilled lizards
  5 goblin zombies (Ossuary)
  13 hobgoblin zombies (Ossuary)
  9 kobold zombies (Ossuary)
  2 leopard gecko skeletons
  2 leopard gecko zombies
  7 orc zombies (Ossuary)
  3 rats
  3 briar patches
998 creatures vanquished.

Vanquished Creatures (others)
  A cane toad (Swamp:2)
  A human (D:14)
  A killer bee (Lair:5)
  2 briar patches (Swamp:3)
  A bush (Lair:6)
  30 fungi
  31 plants
  10 toadstools (Lair:2)
77 creatures vanquished.

Grand Total: 1075 creatures vanquished

Notes
Turn   | Place    | Note
-------+----------+-------------------------------------------
     0 | D:1      | Firecrotchwizard the Centaur Gladiator began the quest for
                  | the Orb.
     0 | D:1      | Reached XP level 1. HP: 17/17 MP: 1/1
   104 | D:1      | Reached skill level 3 in Polearms
   227 | D:1      | Reached XP level 2. HP: 24/24 MP: 2/2
   910 | D:2      | Reached XP level 3. HP: 26/30 MP: 3/3
  1427 | D:2      | Noticed an ice beast
  1444 | D:2      | Killed an ice beast
  1444 | D:2      | Reached skill level 3 in Fighting
  1444 | D:2      | Reached skill level 4 in Polearms
  1444 | D:2      | Reached XP level 4. HP: 17/38 MP: 4/4
  1444 | D:2      | Reached XP level 5. HP: 20/45 MP: 5/5
  1962 | D:2      | HP: 8/45 [gnoll/+2 vorpal flail (10)]
  2230 | D:2      | Reached skill level 5 in Polearms
  2773 | D:3      | Noticed Terence
  2797 | D:3      | Killed Terence
  2797 | D:3      | Reached XP level 6. HP: 42/52 MP: 6/6
  3037 | D:3      | Reached skill level 4 in Fighting
  3044 | D:3      | Found a transporter.
  3048 | D:3      | Noticed Sigmund
  3217 | D:3      | Noticed Robin
  3254 | D:3      | Killed Robin
  3435 | D:3      | Killed Sigmund
  3435 | D:3      | Reached skill level 6 in Polearms
  3569 | D:3      | Found a transporter.
  3830 | D:3      | Found a faded altar of an unknown god.
  3830 | D:3      | Found a sparkling altar of Nemelex Xobeh.
  3838 | D:3      | Found a blossoming altar of Fedhas.
  3840 | D:3      | Found an iron altar of Okawaru.
  3850 | D:3      | Found a basalt altar of Yredelemnul.
  3854 | D:3      | Became a worshipper of Warmaster Okawaru
  4083 | D:4      | Noticed Pikel
  4133 | D:4      | Killed Pikel
  4133 | D:4      | Reached * piety under Okawaru
  4133 | D:4      | Reached skill level 5 in Fighting
  4133 | D:4      | Reached skill level 7 in Polearms
  4133 | D:4      | Reached XP level 7. HP: 44/61 MP: 7/7
  4234 | D:4      | Found a glowing silver altar of Zin.
  4242 | D:4      | Found a hazy altar of Hepliaklqana.
  4242 | D:4      | Found a shadowy altar of Dithmenos.
  4244 | D:4      | Got a flickering platinum ring
  4245 | D:4      | Identified the ring "Xonehof" {rN+ SInv} (You found it on
                  | level 4 of the Dungeon)
  4353 | D:4      | Reached XP level 8. HP: 59/70 MP: 8/8
  4987 | D:5      | Entered Level 5 of the Dungeon
  4999 | D:5      | Got a brightly glowing whip
  5000 | D:5      | Identified the +4 whip of Qym Qant {flame, MR- Int+6} (You
                  | found it on level 5 of the Dungeon)
  5131 | D:5      | Reached ** piety under Okawaru
  5162 | D:5      | Reached skill level 6 in Fighting
  5162 | D:5      | Reached skill level 8 in Polearms
  5864 | D:6      | Reached skill level 1 in Invocations
  5920 | D:6      | Reached skill level 9 in Polearms
  5958 | D:6      | Found Mugitzikh's Distillery.
  5961 | D:6      | Bought a potion of haste for 140 gold pieces
  5961 | D:6      | Bought a potion of might for 56 gold pieces
  6020 | D:6      | Reached skill level 2 in Invocations
  6028 | D:6      | Found a radiant altar of Vehumet.
  6092 | D:6      | Reached XP level 9. HP: 66/78 MP: 10/10
  6372 | D:7      | Reached skill level 7 in Fighting
  6387 | D:7      | Noticed Maggie
  6388 | D:7      | Noticed Maggie
  6388 | D:7      | Maggie changed into Maggie the naga
  6414 | D:7      | Killed Maggie the naga
  6414 | D:7      | Reached *** piety under Okawaru
  6439 | D:7      | Found a staircase to the Ecumenical Temple.
  6529 | D:7      | Identified Honwed's Reference Book on Aerial Sinister
                  | Rituals
  6556 | D:7      | Reached skill level 3 in Invocations
  6835 | D:7      | Noticed Menkaure
  6840 | D:7      | Killed Menkaure
  7304 | D:7      | Reached skill level 10 in Polearms
  7304 | D:7      | Reached skill level 4 in Invocations
  7487 | D:8      | Found Xajoci Neer's Antique Weapon Boutique.
  7620 | D:8      | Found a sand-covered staircase.
  7659 | D:8      | Reached **** piety under Okawaru
  7662 | D:8      | Reached skill level 8 in Fighting
  7779 | D:8      | Noticed a three-headed hydra
  7790 | D:8      | Killed a three-headed hydra
  7790 | D:8      | Reached ***** piety under Okawaru
  7790 | D:8      | Reached skill level 5 in Invocations
  7790 | D:8      | Reached XP level 10. HP: 48/89 MP: 12/14
  7925 | Ossuary  | Entered an ossuary
  8353 | D:8      | Got a pair of warped gloves
  8359 | D:8      | Identified the +0 pair of gloves "Coevvyal" {Slay+2} (You
                  | found it on level 8 of the Dungeon)
  8359 | D:8      | Identified a scroll of acquirement
  8359 | D:8      | Acquired 340 gold pieces
  8510 | D:8      | Received a gift from Okawaru
  8938 | D:9      | Noticed Grum
  8951 | D:8      | Reached skill level 11 in Polearms
  9069 | D:9      | Killed Grum
  9142 | D:9      | Reached skill level 6 in Invocations
  9167 | D:9      | Noticed an orc knight
  9396 | D:9      | Killed an orc knight
  9686 | D:9      | Reached skill level 9 in Fighting
  9954 | D:9      | Noticed a cyan ugly thing
  9954 | D:9      | Noticed a cyan ugly thing
  9965 | D:9      | Killed a cyan ugly thing
  9965 | D:9      | Received a gift from Okawaru
  9965 | D:9      | Reached skill level 7 in Invocations
  9970 | D:9      | HP: 22/91 [cyan ugly thing (17)]
  9973 | D:9      | HP: 8/91 [cyan ugly thing (13)]
  9974 | D:9      | Killed a cyan ugly thing
  9974 | D:9      | Reached XP level 11. HP: 9/97 MP: 14/16
 10612 | D:10     | Entered Level 10 of the Dungeon
 10707 | D:10     | Reached skill level 12 in Polearms
 10961 | D:10     | Found Tuiwud's Magic Scroll Boutique.
 11813 | D:10     | Bought a scroll of enchant armour for 97 gold pieces
 11825 | D:10     | Acquired 580 gold pieces
 11867 | D:10     | Noticed an orc knight
 11880 | D:10     | Killed an orc knight
 11880 | D:10     | Reached skill level 8 in Invocations
 12050 | D:10     | Reached skill level 10 in Fighting
 12213 | D:10     | Found a staircase to the Orcish Mines.
 12600 | D:11     | Noticed an unseen horror
 12607 | D:11     | Killed an unseen horror
 13024 | D:11     | Reached skill level 13 in Polearms
 13284 | D:11     | Found a staircase to the Lair.
 13742 | Lair:1   | Entered Level 1 of the Lair of Beasts
 13749 | Lair:1   | Reached skill level 9 in Invocations
 13752 | Lair:1   | Received a gift from Okawaru
 13756 | Lair:1   | Reached XP level 12. HP: 96/107 MP: 18/18
 13950 | Lair:1   | Got a faintly glowing steel amulet
 13951 | Lair:1   | Identified the amulet "Pallaligg" {Reflect Str+6 SH+5} (You
                  | found it on level 1 of the Lair of Beasts)
 14046 | Lair:1   | Noticed a five-headed hydra
 14055 | Lair:1   | Killed a five-headed hydra
 14375 | Lair:1   | Received a gift from Okawaru
 14376 | Lair:1   | Got a twisted spear {god gift}
 14377 | Lair:1   | Identified the +3 spear of the Hungering King {vorpal,
                  | Int+2 Dex+3} (Okawaru gifted it to you on level 1 of the
                  | Lair of Beasts)
 14925 | Lair:2   | Reached skill level 11 in Fighting
 15103 | Lair:2   | Reached skill level 14 in Polearms
 15727 | Lair:2   | Noticed a catoblepas
 15727 | Lair:2   | Noticed a catoblepas
 15749 | Lair:2   | Found a runed translucent door.
 16289 | Lair:3   | Found a staircase to the Swamp.
 17158 | Lair:4   | Received a gift from Okawaru
 17539 | Lair:4   | Found a staircase to the Snake Pit.
 17716 | Lair:4   | You are sucked into a shaft and drop 2 floors!
 17716 | Lair:6   | Entered Level 6 of the Lair of Beasts
 17716 | Lair:6   | Found a staircase to the Slime Pits.
 17718 | Lair:6   | Reached XP level 13. HP: 117/117 MP: 19/19
 17722 | Lair:6   | Reached skill level 15 in Polearms
 17742 | Lair:6   | Reached skill level 12 in Fighting
 18874 | Lair:6   | Reached ****** piety under Okawaru
 19076 | Lair:6   | Reached skill level 16 in Polearms
 19116 | Lair:6   | Reached skill level 13 in Fighting
 19131 | Lair:6   | Received a gift from Okawaru
 19407 | Lair:6   | Found a runed translucent door.
 19511 | Lair:6   | HP: 24/123 [blink frog (10)]
 19930 | Lair:4   | Received a gift from Okawaru
 19948 | Lair:4   | Reached skill level 14 in Fighting
 20042 | Lair:4   | Got a polished cloak
 20048 | Lair:4   | Identified the cursed +0 cloak of the Prince of Darkness
                  | {rPois Regen+ Str+7} (You found it on level 4 of the Lair
                  | of Beasts)
 20337 | Lair:4   | Reached XP level 14. HP: 132/132 MP: 20/20
 20775 | Lair:5   | Reached skill level 15 in Fighting
 20893 | Lair:5   | Received a gift from Okawaru
 20897 | Lair:5   | Cast into level 3 of the Abyss (unwielding a weapon of
                  | distortion)
 20995 | Abyss:3  | Noticed a daeva
 21019 | Abyss:3  | Noticed a starcursed mass
 21028 | Abyss:3  | Killed a starcursed mass
 21082 | Abyss:3  | Found a corrupted altar of Lugonu.
 21092 | Lair:5   | Escaped the Abyss
 21286 | Lair:5   | HP: 19/136 [lindwurm/blast of flame (45)]
 21328 | Lair:5   | HP: 32/136 [killer bee (5)]
 21337 | Lair:5   | HP: 32/136 [hippogriff (4)]
 21392 | Lair:5   | Reached skill level 16 in Fighting
 21565 | Lair:5   | Identified the +11 short sword of Kouto {vamp, +Blink rPois
                  | Dex+3}
 22172 | Lair:6   | Received a gift from Okawaru
 22182 | Lair:6   | Got a jet-encrusted scale mail
 22197 | Lair:6   | Identified the cursed +0 scale mail "Ruirhus" {rF- MP+9
                  | Str+4} (You found it on level 6 of the Lair of Beasts)
 22487 | Lair:6   | Reached skill level 1 in Armour
 23021 | Lair:6   | Noticed Maimakterion's ghost (journeyman DsIE)
 23369 | Orc:1    | Entered Level 1 of the Orcish Mines
 23738 | Orc:2    | Entered Level 2 of the Orcish Mines
 23787 | Orc:2    | Found Iphem's Gadget Shop.
 23804 | Orc:2    | Found Omasaco's Weapon Boutique.
 23814 | Orc:2    | Noticed Josephine
 23828 | Orc:2    | Killed Josephine
 23828 | Orc:2    | Reached skill level 2 in Armour
 23866 | Orc:2    | Noticed Donald
 23876 | Orc:2    | Killed Donald
 23934 | Orc:2    | Noticed Sonja
 23946 | Orc:2    | Killed Sonja
 24006 | Orc:2    | Reached XP level 15. HP: 123/146 MP: 21/21
 24056 | Orc:2    | Found a roughly hewn altar of Beogh.
 24062 | Orc:2    | Received a gift from Okawaru
 24084 | Orc:2    | Found Jithual's Distillery.
 24084 | Orc:2    | Found Kearhies's Weapon Boutique.
 24093 | Orc:2    | Found Tedweom's Armour Emporium.
 24221 | Orc:2    | Bought 2 potions of heal wounds for 160 gold pieces
 24221 | Orc:2    | Bought a potion of haste for 160 gold pieces
 24278 | Orc:2    | Noticed Erolcha
 24283 | Orc:2    | Killed Erolcha
 24303 | Orc:2    | Found Wuxumiq's Book Shoppe.
 24309 | Orc:2    | Found a staircase to the Elven Halls.
 24367 | Orc:2    | Reached skill level 3 in Armour
 24371 | Orc:2    | Noticed Urug
 24377 | Orc:2    | Found Yjoic's Weapon Shop.
 24382 | Orc:2    | Killed Urug
 24391 | Orc:2    | HP: 34/146 [orc warrior/+0 halberd[an orc knight] (15)]
 24441 | Orc:2    | Reached skill level 17 in Fighting
 24450 | Orc:2    | Found Liku's Book Boutique.
 24450 | Orc:2    | Found Acroivuf's Gadget Shoppe.
 25454 | D:12     | Found a sparkling altar of Nemelex Xobeh.
 25454 | D:12     | Noticed Rupert
 25454 | D:12     | Paralysed by Rupert for 3 turns
 25464 | D:12     | Killed Rupert
 25742 | D:12     | Reached skill level 4 in Armour
 25796 | D:12     | Identified Qybogas's Guide on Companions
 26205 | D:13     | Found Fasuph's Antique Armour Shoppe.
 26231 | D:13     | Bought a pitted chain mail for 247 gold pieces
 26241 | D:13     | Identified the +5 chain mail of Okawaru's Regard {rC+ rN+
                  | Int-3 Dex+9} (You bought it in a shop on level 13 of the
                  | Dungeon)
 26659 | D:14     | Got a shimmering ring mail
 27127 | D:14     | Received a gift from Okawaru
 27146 | D:14     | Reached skill level 5 in Armour
 27195 | D:14     | Found a gate to the Vaults.
 27353 | D:14     | Found a portal to a secret trove of treasure.
 27361 | D:14     | Identified the cursed +0 ring mail of Servitude {Int+5}
                  | (You found it on level 14 of the Dungeon)
 27397 | D:14     | Found a frozen archway.
 27397 | D:14     | Noticed Louise
 27413 | D:14     | Killed Louise
 27428 | D:14     | Reached skill level 17 in Polearms
 27446 | IceCv    | Entered an ice cave
 27812 | D:14     | Got bronze pearl dragon scales
 27823 | D:14     | Identified the cursed +0 pearl dragon scales of Saun {rF-
                  | rN+ Int+5} (You found it on level 14 of the Dungeon)
 27879 | D:15     | Entered Level 15 of the Dungeon
 28088 | Swamp:1  | Entered Level 1 of the Swamp
 28095 | Swamp:1  | Noticed a thorn hunter
 28099 | Swamp:1  | Killed a thorn hunter
 28099 | Swamp:1  | Received a gift from Okawaru
 28103 | Swamp:1  | Got a dazzling scale mail {god gift}
 28114 | Swamp:1  | Identified the +4 scale mail of Refoza {Regen+ SInv}
                  | (Okawaru gifted it to you on level 1 of the Swamp)
 28257 | Swamp:1  | Reached XP level 16. HP: 131/157 MP: 22/22
 28474 | Swamp:1  | Noticed a thorn hunter
 28481 | Swamp:1  | Killed a thorn hunter
 28481 | Swamp:1  | Reached skill level 6 in Armour
 28803 | Swamp:1  | Noticed Frances
 28838 | Swamp:2  | Noticed Nikola
 28923 | Swamp:2  | Reached skill level 18 in Fighting
 29112 | Swamp:2  | Killed Nikola
 29126 | Swamp:2  | Noticed a thorn hunter
 29347 | Swamp:2  | Killed a thorn hunter
 29627 | Swamp:3  | Noticed a thorn hunter
 29632 | Swamp:3  | Killed a thorn hunter
 29632 | Swamp:3  | Reached skill level 7 in Armour
 29810 | Swamp:3  | Noticed a thorn hunter
 29829 | Swamp:3  | Killed a thorn hunter
 30062 | Swamp:3  | Received a gift from Okawaru
 30474 | Swamp:4  | Entered Level 4 of the Swamp
 30651 | Swamp:4  | HP: 38/159 [swamp dragon[a spriggan druid] (13)]
 30653 | Swamp:4  | HP: 2/159 [alligator[a spriggan druid] (17)]
 30654 | Swamp:4  | Mangled by an alligator

Illustrated notes

Levels and vault maps discovered:
D:1:      minmay_arrival_stone_box, layout_loops_corners
D:2:      layout_basic, minmay_diced_spiral
D:3:      gammafunk_wand_slinger, layout_loops_ring,
          chequers_temple_overflow_minitemple, minmay_between, uniq_sigmund,
          uniq_terence, uniq_robin
D:4:      layout_basic, chequers_temple_overflow_statue_of_worship,
          minmay_misc_feat_doors, minmay_misc_feat_plants, uniq_pikel
D:5:      layout_basic, grunt_decor_mini_mirrors
D:6:      layout_layer_cave, overflow_temple_1_default, serial_shops,
          kennysheep_mini_moat
D:7:      layout_loops_cross, minmay_temple_entry_proselytizer, uniq_menkaure,
          uniq_maggie
D:8:      layout_loops_ring, lightli_ossuary_entry_decrepit_ruins, serial_shops,
          shop, hangedman_ranch [blue_anna_fruit_fields]
D:9:      layout_roguey, minmay_the_grid_2x2 [minmay_the_grid_outer_circle,
          minmay_the_grid_all_tris, minmay_the_grid_rooms,
          minmay_the_grid_prize_big_room], uniq_grum
D:10:     kennysheep_blocky_room, layout_basic, serial_shops, shop,
          grunt_ministairs_10, nrook_campfire, hangedman_decor_lopped
D:11:     layout_irregular_city, grunt_lair_entry_orc_guard_hut
D:12:     layout_irregular_city, nemelex_xobeh_ov_fountains_minmay, uniq_rupert
D:13:     layout_small_grid, serial_shops, shop, chequers_serial_rivers_small_b
D:14:     layout_stronghold, ximxim_vaults_locker_room, enter_trove_0,
          chequers_serial_rivers_micro_b,
          portal_ice_cave_entry_animals_and_master, uniq_louise
D:15:     gammafunk_depths_entry_grave, layout_loops_ring, minmay_misc_feat_chi,
          hex_medium
Lair:1:   layout_cave_shapes, serial_bayou_pond_a, serial_bayou_shore_a,
          serial_bayou_shore_b
Lair:2:   gammafunk_lair_enchanted_lake, layout_regular_city, nzn_random_ring
Lair:3:   layout_cave_pods, minmay_swamp_entry_reptiles, grunt_megastairs_3
Lair:4:   layout_gridlike, minmay_snake_entry_guardpost_small, minivault_26,
          minmay_lair_oklob_bushes
Lair:5:   regret_index_bee_streams, layout_cave_pods, patterned_corridor
Lair:6:   hangedman_lair_tendril_chambers, layout_layer_cave,
          minmay_slime_entry_jelly_boxes, ebering_ghost_reflecting_pool
Swamp:1:  layout_falls_marsh, nicolae_swamp_feature_on_the_river_bank,
          swamp_pool3, nicolae_swamp_round_clearing, uniq_frances
Swamp:2:  layout_basic_swamp, evilmike_swamp_ruin_house_1, uniq_nikola
Swamp:3:  layout_basic_swamp, nicolae_swamp_trees_clearing, swamp_pool1
Swamp:4:  swamp_vile, layout_basic_swamp, swamp_pool3,
          nicolae_swamp_hydra_murder_den
Orc:1:    layout_diamond_mine
Orc:2:    st_orc_town, layout_diamond_mine, serial_shops, nicolae_shop_stone,
          shop, nicolae_shop_stone, shop_statue, shop_statue, uniq_sonja,
          uniq_donald, uniq_josephine, uniq_erolcha, uniq_urug

Skill      XL: |  1  2  3  4  5  6  7  8  9 10 11 12 13 14 15 16 |
---------------+-------------------------------------------------+-----
Polearms       | 3 4 5 7 9 10 11 13 14 16 17 | 17.8
Fighting       | 3 5 6 8 9 10 11 14 16 17 18 | 18.6
Invocations    | 2 5 7 9 |  9.1
Armour         | 2 5 7 |  7.7
Throwing       | |  2.1
Dodging        | |  2.1

Action                   |  1- 3 |  4- 6 |  7- 9 | 10-12 | 13-15 | 16-18 || total
-------------------------+-------+-------+-------+-------+-------+-------++-------
Melee: Trident           |    83 |   176 |   168 |    30 |   112 |    30 ||   599
       Kick              |    13 |    25 |    58 |   216 |   372 |    99 ||   783
       Spear             |       |    37 |       |       |       |       ||    37
       Halberd           |       |       |    89 |   685 |   226 |       ||  1000
       Glaive            |       |       |       |       |   805 |   148 ||   953
       Bardiche          |       |       |       |       |       |   106 ||   106
Throw: Throwing net      |     1 |     1 |       |       |       |       ||     2
Invok: Heroism           |       |       |     2 |    12 |    29 |     7 ||    50
       Finesse           |       |       |       |     1 |     3 |     1 ||     5
Evoke: Wand              |       |       |     1 |     2 |       |       ||     3
  Use: Scroll            |       |     6 |     8 |    18 |    22 |     5 ||    59
       Potion            |       |       |       |       |     4 |     1 ||     5
 Stab: Held in net/web   |     1 |       |       |       |       |       ||     1
       Distracted        |       |       |       |       |     2 |       ||     2
       Petrifying        |       |       |       |       |     1 |       ||     1
       Petrified         |       |       |       |       |     1 |       ||     1
Armor: Leather armour    |    24 |       |       |       |       |       ||    24
       Chain mail        |       |    70 |    82 |    13 |   480 |   199 ||   844
       Acid dragon scale |       |       |    24 |   162 |     2 |       ||   188
       Plate armour      |       |       |       |       |    39 |       ||    39
Dodge: Dodged            |    21 |    31 |    70 |   149 |   210 |    93 ||   574
Block: Other             |       |       |       |    28 |   153 |    44 ||   225
       Reflection        |       |       |       |       |     5 |       ||     5

Table legend:
 A = Non-vault XP
 B = Vault XP
 C = Vault XP percentage of total XP
 D = Non-vault monster count
 E = Vault monster count
 F = Vault count percentage of total count
                 A         B        C        D         E       F
            +---------+---------+-------+---------+---------+-------
      Total |  138281 |   68745 |  33.2 |     655 |     340 |  34.2
            +---------+---------+-------+---------+---------+-------
        D:1 |      29 |       0 |   0.0 |      13 |       0 |   0.0
        D:2 |     269 |      36 |  11.8 |      27 |       4 |  12.9
        D:3 |      59 |     304 |  83.7 |      16 |      18 |  52.9
        D:4 |     204 |     663 |  76.5 |       8 |       1 |  11.1
        D:5 |     438 |       0 |   0.0 |      13 |       0 |   0.0
        D:6 |     919 |       0 |   0.0 |      20 |       0 |   0.0
        D:7 |    1093 |     379 |  25.7 |      23 |       3 |  11.5
        D:8 |     335 |    2033 |  85.9 |       9 |       8 |  47.1
        D:9 |    1867 |    2749 |  59.6 |      24 |      19 |  44.2
       D:10 |    3733 |    1410 |  27.4 |      39 |      10 |  20.4
       D:11 |    3662 |     690 |  15.9 |      31 |       5 |  13.9
       D:12 |    4977 |    2721 |  35.3 |      30 |       1 |   3.2
       D:13 |    8158 |       0 |   0.0 |      26 |       0 |   0.0
       D:14 |    6708 |    9583 |  58.8 |      30 |      20 |  40.0
       D:15 |     214 |       0 |   0.0 |       1 |       0 |   0.0
     Lair:1 |    4322 |       0 |   0.0 |      19 |       0 |   0.0
     Lair:2 |    1746 |    3005 |  63.2 |      10 |      12 |  54.5
     Lair:3 |    3431 |    1682 |  32.9 |      14 |       7 |  33.3
     Lair:4 |    5386 |    1216 |  18.4 |      16 |       5 |  23.8
     Lair:5 |   10183 |    9489 |  48.2 |      24 |      53 |  68.8
     Lair:6 |   17080 |   10955 |  39.1 |      57 |      50 |  46.7
    Swamp:1 |   10540 |       0 |   0.0 |      22 |       0 |   0.0
    Swamp:2 |   16510 |    4156 |  20.1 |      42 |       1 |   2.3
    Swamp:3 |   22257 |       0 |   0.0 |      49 |       0 |   0.0
    Swamp:4 |    3644 |     679 |  15.7 |       8 |       1 |  11.1
      Orc:1 |    4481 |       0 |   0.0 |      54 |       0 |   0.0
      Orc:2 |    2213 |   13434 |  85.9 |      22 |      72 |  76.6
    Abyss:3 |    3823 |       0 |   0.0 |       8 |       0 |   0.0
    Ossuary |       0 |     257 | 100.0 |       0 |      39 | 100.0
      IceCv |       0 |    3304 | 100.0 |       0 |      11 | 100.0
            +---------+---------+-------+---------+---------+-------

Levels and vault maps discovered:
D:1:      minmay_arrival_stone_box, layout_loops_corners
D:2:      layout_basic, minmay_diced_spiral
D:3:      gammafunk_wand_slinger, layout_loops_ring,
          chequers_temple_overflow_minitemple, minmay_between, uniq_sigmund,
          uniq_terence, uniq_robin
D:4:      layout_basic, chequers_temple_overflow_statue_of_worship,
          minmay_misc_feat_doors, minmay_misc_feat_plants, uniq_pikel
D:5:      layout_basic, grunt_decor_mini_mirrors
D:6:      layout_layer_cave, overflow_temple_1_default, serial_shops,
          kennysheep_mini_moat
D:7:      layout_loops_cross, minmay_temple_entry_proselytizer, uniq_menkaure,
          uniq_maggie
D:8:      layout_loops_ring, lightli_ossuary_entry_decrepit_ruins, serial_shops,
          shop, hangedman_ranch [blue_anna_fruit_fields]
D:9:      layout_roguey, minmay_the_grid_2x2 [minmay_the_grid_outer_circle,
          minmay_the_grid_all_tris, minmay_the_grid_rooms,
          minmay_the_grid_prize_big_room], uniq_grum
D:10:     kennysheep_blocky_room, layout_basic, serial_shops, shop,
          grunt_ministairs_10, nrook_campfire, hangedman_decor_lopped
D:11:     layout_irregular_city, grunt_lair_entry_orc_guard_hut
D:12:     layout_irregular_city, nemelex_xobeh_ov_fountains_minmay, uniq_rupert
D:13:     layout_small_grid, serial_shops, shop, chequers_serial_rivers_small_b
D:14:     layout_stronghold, ximxim_vaults_locker_room, enter_trove_0,
          chequers_serial_rivers_micro_b,
          portal_ice_cave_entry_animals_and_master, uniq_louise
D:15:     gammafunk_depths_entry_grave, layout_loops_ring, minmay_misc_feat_chi,
          hex_medium
Lair:1:   layout_cave_shapes, serial_bayou_pond_a, serial_bayou_shore_a,
          serial_bayou_shore_b
Lair:2:   gammafunk_lair_enchanted_lake, layout_regular_city, nzn_random_ring
Lair:3:   layout_cave_pods, minmay_swamp_entry_reptiles, grunt_megastairs_3
Lair:4:   layout_gridlike, minmay_snake_entry_guardpost_small, minivault_26,
          minmay_lair_oklob_bushes
Lair:5:   regret_index_bee_streams, layout_cave_pods, patterned_corridor
Lair:6:   hangedman_lair_tendril_chambers, layout_layer_cave,
          minmay_slime_entry_jelly_boxes, ebering_ghost_reflecting_pool
Swamp:1:  layout_falls_marsh, nicolae_swamp_feature_on_the_river_bank,
          swamp_pool3, nicolae_swamp_round_clearing, uniq_frances
Swamp:2:  layout_basic_swamp, evilmike_swamp_ruin_house_1, uniq_nikola
Swamp:3:  layout_basic_swamp, nicolae_swamp_trees_clearing, swamp_pool1
Swamp:4:  swamp_vile, layout_basic_swamp, swamp_pool3,
          nicolae_swamp_hydra_murder_den
Orc:1:    layout_diamond_mine
Orc:2:    st_orc_town, layout_diamond_mine, serial_shops, nicolae_shop_stone,
          shop, nicolae_shop_stone, shop_statue, shop_statue, uniq_sonja,
          uniq_donald, uniq_josephine, uniq_erolcha, uniq_urug

Table legend:
 A = Turns spent in this place as a percentage of turns spent in the entire game.
 B = Non-inter-level travel turns spent in this place as a percentage of non-inter-level travel turns spent in the entire game.
 C = Inter-level travel turns spent in this place as a percentage of turns spent in this place.
 D = Turns resting spent in this place as a percentage of non-inter-level travel turns spent in this place.
 E = Turns spent auto-exploring this place as a percentage of non-inter-level travel turns spent in this place.
 F = Non-inter-level travel turns spent in this place divided by the number of levels of this place that you've seen.
                   A       B       C       D       E      F
               +-------+-------+-------+-------+-------+----------------------
         Total | 100.0 | 100.0 |   4.3 |  19.0 |  61.2 | 978.1
       Dungeon |  53.2 |  52.8 |   5.0 |  20.2 |  62.5 | 1032.9
          Lair |  30.6 |  30.7 |   3.8 |  19.3 |  62.1 | 1503.2
         Swamp |   8.4 |   8.6 |   1.9 |  17.4 |  56.9 | 629.0
  Orcish Mines |   5.7 |   5.7 |   4.7 |  15.4 |  53.4 | 834.0
         Abyss |   0.6 |   0.7 |   0.0 |   0.0 |  71.8 | 195.0
       Ossuary |   1.0 |   1.1 |   0.0 |   0.0 |  62.1 | 319.0
      Ice Cave |   0.4 |   0.4 |   0.0 |   0.0 |   2.3 | 132.0
               +-------+-------+-------+-------+-------+----------------------

Table legend:
 A = Kills in this place as a percentage of kills in entire the game.
 B = Kills by you in this place as a percentage of kills by you in the entire game.
 C = Kills by friends in this place as a percentage of kills by friends in the entire game.
 D = Other kills in this place as a percentage of other kills in the entire game.
 E = Experience gained in this place as a percentage of experience gained in the entire game.
 F = Experience gained in this place divided by the number of levels of this place that you have seen.
                   A       B       C       D       E      F
               +-------+-------+-------+-------+-------+----------------------
         Total | 100.0 | 100.0 |   N/A |   N/A | 100.0 | 6900.9
       Dungeon |  40.1 |  40.1 |   N/A |   N/A |  25.7 | 3548.9
          Lair |  26.8 |  26.8 |   N/A |   N/A |  33.1 | 11415.8
         Swamp |  12.4 |  12.4 |   N/A |   N/A |  27.9 | 14446.5
  Orcish Mines |  14.9 |  14.9 |   N/A |   N/A |   9.7 | 10064.0
         Abyss |   0.8 |   0.8 |   N/A |   N/A |   1.8 | 3823.0
       Ossuary |   3.9 |   3.9 |   N/A |   N/A |   0.1 | 257.0
      Ice Cave |   1.1 |   1.1 |   N/A |   N/A |   1.6 | 3304.0
               +-------+-------+-------+-------+-------+----------------------
